 Dungeon Crawl Stone Soup version 0.31-a0-640-g39d97e502b (webtiles) character file.

Game seed: 4209490532474418905

25 thirtiethelement the Grave Robber (level 2, -1/19 HPs)
             Began as a Demonspawn Necromancer on Aug 27, 2023.
             Slain by a jackal (2 damage)
             ... on level 1 of the Dungeon.
             The game lasted 00:02:32 (477 turns).

thirtiethelement the Grave Robber (DsNe)             Turns: 477, Time: 00:02:32

Health: -1/19      AC:  2    Str:  8    XL:     2   Next: 86%
Magic:  0/5        EV: 12    Int: 16    God:
Gold:   31         SH:  0    Dex: 13    Spells: 4/5 levels left

rFire   . . .        (no weapon)
rCold   . . .        (no shield)
rNeg    . . .        a - +0 robe
rPois   .            (no helmet)
rElec   .            (no cloak)
rCorr   .            (no gloves)
SInv    .            (no boots)
Will    .....        (no amulet)
Stlth   ++           (no ring)
HPRegen 0.23/turn    (no ring)
MPRegen 0.09/turn

%: no passive effects
@: no status effects
A: foul stench 1
a: no special abilities


You were on level 1 of the Dungeon.
You visited 1 branch of the dungeon, and saw 1 of its levels.

You collected 31 gold pieces.

Inventory:

Armour
 a - a +0 robe (worn)
Potions
 b - a potion of magic


   Skills:
 + Level 1.8 Dodging
 + Level 1.9 Stealth
 + Level 0.4 Unarmed Combat
 + Level 2.3 Spellcasting
 + Level 5.0 Necromancy


You had 4 spell levels left.
You knew the following spells:

 Your Spells              Type           Power      Damage    Failure   Level
a - Necrotise             Necr           68%        1d7       2%          1

Your spell library contained the following spells:

 Spells                   Type           Power      Damage    Failure   Level
 Vampiric Draining        Necr           17%        2d7       8%          3
 Animate Dead             Necr           17%        N/A       26%         4
 Agony                    Necr           17%        N/A       56%         5


Dungeon Overview and Level Annotations

Branches:
Dungeon (1/15)

Altars:


Innate Abilities, Weirdness & Mutations

You may rarely emit foul miasma when damaged in melee.


Message History

Your jackal skeleton bites the jackal.
You hit the jackal. Your punch misses the jackal.
The jackal is severely wounded.
The jackal bites you but does no damage.
The jackal misses you.
The jackal bites you but does no damage.
Your jackal skeleton barely misses the jackal.
The jackal barely misses you. The jackal closely misses you. x2
You hit the jackal.
The jackal is almost dead.
The jackal misses you.
Your jackal skeleton bites the jackal but does no damage.
The jackal barely misses you. The jackal bites you.
* * * LOW HITPOINT WARNING * * *
You hit the jackal.
You kill the jackal!
The jackal bites you.
* * * LOW HITPOINT WARNING * * *
The jackal closely misses you.
Your jackal skeleton closely misses the jackal.
The jackal bites you.
* * * LOW HITPOINT WARNING * * *
Casting: Necrotise (safe; 2% risk of failure)
Confirm with . or Enter, or press ? or * to list all spells.
Aiming: Necrotise (safe; 2% risk of failure)
Press: ? - help, Shift-Dir - straight line, f - jackal
Aim: a jackal (chance to affect: 87%)
The jackal writhes in agony.
The jackal bites you.
* * * LOW HITPOINT WARNING * * *
Your jackal skeleton bites the jackal but does no damage.
The jackal closely misses you. The jackal completely misses you.
Your jackal skeleton bites the jackal but does no damage.
You closely miss the jackal.
The jackal is lightly wounded.
The jackal misses you. The jackal closely misses you.
Your jackal skeleton closely misses the jackal.
You barely miss the jackal.
The jackal is lightly wounded.
The jackal bites you.
You die...

####)#### #....# ######
#....########## .##.....##
#....##........
..........###.............
............##............
...............##.........#.#
..........................##.###
..............h@................
..............h...÷.......#.#...
#...)...........Z#...........#...
.#....[..........................
..†b....##...........##..).##....
..###.#####..........##....##....
....#.>##..............##.####...
†##.##.##....#..##..... ..# #.##
........†.......###....#### #.#


You could see 2 jackals and a friendly jackal skeleton.

Vanquished Creatures
  A dart slug (D:1)
  2 bats (D:1)
  3 endoplasms (D:1)
  A goblin (D:1)
  A hobgoblin (D:1)
  5 jackals (D:1)
  2 kobolds (D:1)
  A ball python (D:1)
  2 rats (D:1)
18 creatures vanquished.

Vanquished Creatures (collateral kills)
  A giant cockroach (D:1)
  A rat (D:1)
2 creatures vanquished.

Grand Total: 20 creatures vanquished

Notes
Turn   | Place    | Note
-------+----------+-------------------------------------------
     0 | D:1      | thirtiethelement the Demonspawn Necromancer began the quest
                  | for the Orb.
     0 | D:1      | Reached XP level 1. HP: 13/13 MP: 3/3
   236 | D:1      | Found a faded altar of an unknown god.
   248 | D:1      | Gained mutation: You may rarely emit foul miasma when
                  | damaged in melee. [demonic ancestry]
   248 | D:1      | Reached XP level 2. HP: 17/19 MP: 1/5
   436 | D:1      | Reached skill level 5 in Necromancy
   477 | D:1      | Slain by a jackal

Illustrated notes

Levels and vault maps discovered:
D:1:      saegor_arrival_simple_d, layout_rooms,
          shapermc_ecumenical_altar_mp_ritualfount

Skill      XL: |  1  2 |
---------------+-------+-----
Necromancy     | 5 |  5.0
Dodging        | |  1.8
Stealth        | |  1.9
Unarmed Combat | |  0.4
Spellcasting   | |  2.3

Action                     || total
---------------------------++-------
  Melee: Unarmed           ||    34
   Cast: Necrotise         ||    29
    Use: Scroll            ||     1
   Stab: Sleeping          ||     1
 Armour: Robe              ||    11
  Dodge: Dodged            ||    64

Table legend: (Time is in decaauts)
 A = Elapsed time spent in this place.
 B = Non-inter-level travel time spent in this place.
 C = Inter-level travel time spent in this place.
 D = Time resting spent in this place.
 E = Time spent auto-exploring this place.
 F = Levels seen in this place.
 G = Mean time per level.
                   A        B        C        D        E       F      G
               +--------+--------+--------+--------+--------+-----+--------+
         Total |    477 |    477 |      0 |     10 |    337 |   1 |  477.0 |
       Dungeon |    477 |    477 |      0 |     10 |    337 |   1 |  477.0 |
               +--------+--------+--------+--------+--------+-----+--------+

Top non-repeatable levels by time:
     D:1: 477 daAuts
